 Dungeon Crawl Stone Soup version 0.29-a0-323-g050149af67 (webtiles) character file.

Game seed: 15292582252593036467

221 dianekeaton the Cudgeller (level 5, -3/45 HPs)
             Began as a Minotaur Fighter on Apr 11, 2022.
             Was a Plaything of Xom.
             Succumbed to an ogre's poison
             ... on level 4 of the Dungeon.
             The game lasted 00:06:06 (2742 turns).

dianekeaton the Cudgeller (Minotaur Fighter)        Turns: 2742, Time: 00:06:06

Health: -3/45      AC: 10    Str: 22    XL:     5   Next: 65%
Magic:  4/4        EV:  9    Int:  5    God:    Xom [..*...]
Gold:   191        SH:  4    Dex: 10    Spells: 4/4 levels left

rFire   . . .      SeeInvis .   a - +1 flail
rCold   . . .      Faith    .   c - +0 buckler
rNeg    . . .      Spirit   .   b - +0 scale mail
rPois   .          Reflect  .   (helmet restricted)
rElec   .          Harm     .   f - +2 cloak
rCorr   .          Rampage  .   (no gloves)
Will    .....                   (no boots)
Stlth   ..........              (no amulet)
HPRegen 0.15/turn               (no ring)
MPRegen 0.09/turn               (no ring)

@: mighty, brilliant, lethally poisoned (-3 -> -29), hasted, very quick
A: horns 2, retaliatory headbutt
a: Renounce Religion


You were on level 4 of the Dungeon.
You worshipped Xom.
You were a toy of Xom.
You visited 1 branch of the dungeon, and saw 4 of its levels.

You collected 191 gold pieces.

Inventory:

Hand Weapons
 a - a +1 flail (weapon)
 e - a +0 mace of protection
Armour
 b - a +0 scale mail (worn)
 c - a +0 buckler (worn)
 f - a +2 cloak (worn)
Scrolls
 i - a scroll of amnesia
 k - 2 scrolls of teleportation
Potions
 d - a potion of might
 g - a potion of mutation


   Skills:
 - Level 3.6 Fighting
 + Level 7.2 Maces & Flails
 - Level 3.6 Armour
 + Level 0.2 Stealth
 - Level 3.6 Shields


You had 4 spell levels left.
You didn't know any spells.
Your spell library contained the following spells:

 Spells                   Type           Power      Damage    Failure   Level
 Animate Skeleton         Necr           0%         N/A       88%         1
 Apportation              Tloc           0%         N/A       88%         1
 Summon Small Mammal      Summ           0%         N/A       88%         1
 Summon Guardian Golem    Hex/Summ       0%         N/A       99%         3
 Orb of Destruction       Conj           0%         9d5       100%        7
 Spellforged Servitor     Conj/Summ      0%         N/A       100%        7


Dungeon Overview and Level Annotations

Branches:
Dungeon (4/15)             Temple (0/1) D:4

Altars:
Okawaru
Uskayaw
Xom


Innate Abilities, Weirdness & Mutations

You have a pair of horns on your head.
You reflexively headbutt those who attack you in melee.


Message History

"Go forth and cause havoc, mortal!"
You feel clever all of a sudden. The ufetubus hits you.
The ufetubus hits you but does no damage.
You miss the ufetubus. Your headbutt misses the ufetubus.
The ufetubus hits you.
The ufetubus hits you but does no damage.
You closely miss the ufetubus. Your headbutt misses the ufetubus.
You block the ufetubus's attack. The ufetubus closely misses you.
The ufetubus hits you. The ufetubus closely misses you.
You closely miss the ufetubus. You headbutt the ufetubus.
The ufetubus is heavily wounded.
Xom's power touches on a nearby weapon.
The ogre's +0 giant spiked club erupts in a glittering mayhem of colour.
The ufetubus hits you but does no damage. x2
You hit the ufetubus.
You kill the ufetubus!
Found a quarterstaff.
You see here a +0 mace of protection.
e - a +0 mace of protection You hit the ogre.
You headbutt the ogre!
The ogre is heavily wounded.
The ogre hits you with a +3 giant spiked club of chaos!!
Ouch! That really hurt!
A shower of butterflies erupts from you!
You are lethally poisoned!
You feel very mighty all of a sudden.
* * * LOW HITPOINT WARNING * * *
You feel very sick.
You sock the ogre! You headbutt the ogre.
You kill the ogre!
* * * LOW HITPOINT WARNING * * *
You feel very sick.
Your Maces & Flails skill increases to level 7!
You have reached level 5!
Okay, then.
Okay, then.
There is a lethal amount of poison in your body!
You die...
Xom howls with laughter!

.#.....# #.# ##.....#
#.# .......######.##
...#...........#
####...##......# #
.......##......# .#
............#.#####.###
##.##.#######...b.b...#
#.##..........b@.#.#
#.##############.# ..$
#.# ### #.# #.# #.) ###


There were no monsters in sight!

Vanquished Creatures
  An ogre (D:4)
  An iguana (D:4)
  5 adders
  An ufetubus (D:4)
  2 worms (D:2)
  4 dart slugs
  6 ball pythons
  A bat (D:3)
  An endoplasm (D:2)
  A giant cockroach (D:2)
  7 goblins
  6 hobgoblins
  5 kobolds
  A quokka (D:1)
  2 frilled lizards (D:2)
  4 rats
48 creatures vanquished.

Notes
Turn   | Place    | Note
-------+----------+-------------------------------------------
     0 | D:1      | dianekeaton the Minotaur Fighter began the quest for the
                  | Orb.
     0 | D:1      | Reached XP level 1. HP: 19/19 MP: 0/0
    67 | D:1      | Reached skill level 3 in Maces & Flails
   145 | D:1      | Reached XP level 2. HP: 20/26 MP: 1/1
   437 | D:1      | Found a faded altar of an unknown god.
   906 | D:2      | Reached skill level 4 in Maces & Flails
  1098 | D:2      | Reached XP level 3. HP: 24/31 MP: 2/2
  1700 | D:3      | Found a shimmering altar of Xom.
  1716 | D:3      | Became a worshipper of Xom of Chaos
  1736 | D:3      | Found a hide-covered altar of Uskayaw.
  1762 | D:3      | Reached skill level 5 in Maces & Flails
  1918 | D:3      | Reached XP level 4. HP: 39/39 MP: 3/3
  2418 | D:4      | Found a staircase to the Ecumenical Temple.
  2425 | D:4      | Found an iron altar of Okawaru.
  2440 | D:4      | XOM: potion effect (haste)
  2442 | D:4      | Reached skill level 6 in Maces & Flails
  2490 | D:4      | XOM: silly message
  2685 | D:4      | Noticed an ogre
  2708 | D:4      | XOM: potion effect (haste)
  2726 | D:4      | XOM: potion effect (brilliance)
  2729 | D:4      | XOM: chaos upgrade
  2739 | D:4      | XOM: butterfly on damage
  2741 | D:4      | Killed an ogre
  2741 | D:4      | HP: 1/39 [poisoned by an ogre]
  2742 | D:4      | Reached skill level 7 in Maces & Flails
  2742 | D:4      | Reached XP level 5. HP: 1/45 MP: 4/4
  2742 | D:4      | Succumbed to an ogre's poison

Illustrated notes

Levels and vault maps discovered:
D:1:      dpeg_arrival_shelter, layout_basic,
          ebering_ecumenical_altar_sacrificial, serial_forest,
          infiniplex_forest_diagonal, infiniplex_forest_clump_tiny,
          infiniplex_forest_clump_cross, infiniplex_forest_clump_double,
          grunt_decor_arrowhead, serial_park_tiny_1
D:2:      layout_rooms, nicolae_concentric_dashed_squares_wild,
          kennysheep_cross_room
D:3:      layout_loops_cross, xom_butterflies,
          nicolae_uskayaw_murder_on_the_dancefloor, minmay_misc_feat_enclosed,
          chequers_hall_statues_y
D:4:      layout_basic, zin_statuary, nicolae_overflow_hidden_temple,
          minmay_temple_entry_offerings, serial_shops,
          nicolae_shop_advertising_works [nicolae_subvault_shop_adworks],
          st_stairs_3

Skill      XL: |  1  2  3  4 |
---------------+-------------+-----
Maces & Flails | 3 4 5 7 |  7.2
Fighting       | |  3.6
Armour         | |  3.6
Stealth        | |  0.2
Shields        | |  3.6

Action                   |  1- 3 |  4- 6 || total
-------------------------+-------+-------++-------
Melee: Flail             |    82 |    35 ||   117
       Headbutt          |     7 |     6 ||    13
  Use: Scroll            |     5 |     3 ||     8
       Potion            |       |     4 ||     4
Armor: Scale mail        |    48 |    20 ||    68
Dodge: Dodged            |    35 |    13 ||    48
Block: Buckler           |    11 |     9 ||    20

Table legend: (Time is in decaauts)
 A = Elapsed time spent in this place.
 B = Non-inter-level travel time spent in this place.
 C = Inter-level travel time spent in this place.
 D = Time resting spent in this place.
 E = Time spent auto-exploring this place.
 F = Levels seen in this place.
 G = Mean time per level.
                   A        B        C        D        E       F      G
               +--------+--------+--------+--------+--------+-----+--------+
         Total |   2716 |   2696 |     20 |    273 |   1947 |   4 |  679.0 |
       Dungeon |   2716 |   2696 |     20 |    273 |   1947 |   4 |  679.0 |
               +--------+--------+--------+--------+--------+-----+--------+

Top non-repeatable levels by time:
     D:1: 870 daAuts
     D:2: 846 daAuts
     D:3: 711 daAuts
     D:4: 288 daAuts
